 Dungeon Crawl Stone Soup version 0.23.2-11-gf996548c65 (webtiles) character file.

Game seed: 255670778399783343

100971 OdinFK the Tainter (level 16, -2/134 HPs)
             Began as a Hill Orc Venom Mage on June 4, 2019.
             Was the Champion of Beogh.
             Slain by a thrashing horror (9 damage)
             ... on level 3 of the Abyss on June 5, 2019.
             The game lasted 05:53:13 (36269 turns).

OdinFK the Tainter (Hill Orc Venom Mage)           Turns: 36269, Time: 05:53:14

Health: -2/134     AC: 16    Str: 15    XL:     16   Next: 29%
Magic:  26/26      EV: 12    Int: 20    God:    Beogh [******]
Gold:   463        SH: 13    Dex: 15    Spells: 4/29 levels left

rFire    . . .     SeeInvis .   a - +6 scimitar (elec)
rCold    . . .     Gourm    .   E - +2 shield {AC+3}
rNeg     . . .     Faith    .   I - +2 leather armour {MR+}
rPois    .         Spirit   .   Y - +0 helmet
rElec    .         Reflect  .   S - +2 cloak
rCorr    .         Harm     .   (no gloves)
MR       +++..                  m - +0 pair of boots
Stlth    ++........             Q - amulet of regeneration
HPRegen  0.72/turn              w - ring of Lucidity {MR+ Str+2 Dex+4}
MPRegen  0.20/turn              K - +2 ring of protection

@: hasted, very quick
A: walk on water
a: Smiting, Recall Orcish Followers, Give Item to Named Follower, Resurrection,
Renounce Religion


You were on level 3 of the Abyss.
You worshipped Beogh.
Beogh was exalted by your worship.
You were hungry.

You visited 4 branches of the dungeon, and saw 24 of its levels.
You visited the Abyss 1 time.
You also visited: Ossuary, Gauntlet and Ice Cave.

You collected 1789 gold pieces.
You spent 1326 gold pieces at shops.

Inventory:

Hand Weapons
 a - a +6 scimitar of electrocution (weapon)
 t - a +4 broad axe of freezing
 U - a +5 long sword
Armour
 m - a +0 pair of boots (worn)
 E - a +2 shield of protection (worn)
 I - a +2 leather armour of magic resistance (worn)
 M - a scarf of resistance
 P - the -3 pair of gloves "Beozapuh" {rPois Str-4 Dex+7}
   (You found it in a Gauntlet)

   It affects your strength (-4).
   It affects your dexterity (+7).
   It protects you from poison.
 S - a +2 cloak (worn)
 X - a +0 buckler
 Y - a +0 helmet (worn)
Jewellery
 q - an uncursed ring of protection from fire
 w - the ring of Lucidity (left hand) {MR+ Str+2 Dex+4}
   (You took it off a minotaur in a Gauntlet)

   [ring of dexterity]

   It affects your strength (+2).
   It affects your dexterity (+4).
   It affects your resistance to hostile enchantments.
 D - an uncursed ring of flight
 K - a +2 ring of protection (right hand)
 Q - an amulet of regeneration (around neck)
 V - an uncursed ring of see invisible
Wands
 y - a wand of iceblast (3)
 A - a wand of flame (17)
 B - a wand of acid (7)
 G - a wand of digging (2)
 O - a wand of scattershot (8)
 W - a wand of paralysis (9)
Scrolls
 i - a scroll of identify
 j - 11 scrolls of amnesia
 k - a scroll of blinking {unknown}
 o - 2 scrolls of enchant armour
 p - 3 scrolls of fear
 s - 4 scrolls of fog
 u - 11 scrolls of remove curse
 v - 3 scrolls of magic mapping
 x - 2 scrolls of torment {unknown}
 F - 3 scrolls of silence
Potions
 c - 2 potions of curing
 d - 4 potions of brilliance
 e - 2 potions of cancellation
 g - 3 potions of agility
 l - a potion of ambrosia {unknown}
 r - 2 potions of resistance
 C - 2 potions of flight {unknown}
 H - 2 potions of mutation {unknown}
 J - 2 potions of lignification {unknown}
 L - 2 potions of might {unknown}
 T - a potion of invisibility {unknown}
Miscellaneous
 b - a lamp of fire
 n - a sack of spiders
 z - a phial of floods
 Z - a lightning rod (4/4)
Comestibles
 f - 48 rations


   Skills:
 - Level 10.0 Fighting
   Level 1.0(2.4) Short Blades
 - Level 3.8(4.0) Long Blades
   Level 1.1 Maces & Flails
 - Level 4.0 Armour
 - Level 3.0 Dodging
 - Level 1.5 Stealth
 + Level 9.5 Shields
 + Level 7.1 Spellcasting
 - Level 11.0 Conjurations
 + Level 3.2 Charms
 - Level 3.0 Summonings
 - Level 5.0 Necromancy
 + Level 8.2 Ice Magic
 - Level 7.0 Air Magic
 - Level 14.0 Poison Magic
 + Level 5.6 Invocations
 - Level 3.0 Evocations


You had 4 spell levels left.
You knew the following spells:

 Your Spells              Type           Power        Failure   Level  Hunger
a - Venom Bolt            Conj/Pois      ######....   3%          5    #####..
b - Poisonous Vapours     Pois/Air       #####.       1%          2    None
c - Mephitic Cloud        Conj/Pois/Air  #####...     1%          3    #......
d - Olgreb's Toxic Radia  Pois           ######..     1%          4    ###....
e - Animate Skeleton      Necr           N/A          3%          1    None
f - Throw Frost           Conj/Ice       #####.       1%          2    None
g - Freeze                Ice            ####         1%          1    None
h - Ozocubu's Armour      Chrm/Ice       ####....     6%          3    #......
i - Summon Ice Beast      Ice/Summ       ####....     22%         4    ###....

Your spell library contained the following spells:

 Spells                   Type           Power        Failure   Level  Hunger
 Magic Dart               Conj           ####         1%          1    None
 Sting                    Conj/Pois      ####         1%          1    None
 Searing Ray              Conj           ######       1%          2    None
 Iskenderun's Mystic Bla  Conj           ######..     2%          4    ###....
 Pain                     Necr           ####         3%          1    None
 Spider Form              Tmut/Pois      #####.....   3%          3    #......
 Throw Icicle             Conj/Ice       #####...     4%          4    ###....
 Dazzling Spray           Conj/Hex       ####..       7%          3    #......
 Vampiric Draining        Necr           ####......   9%          3    #......
 Regeneration             Chrm/Necr      ###.......   12%         3    #......
 Beastly Appendage        Tmut           #.....       22%         1    None
 Confusing Touch          Hex            #.....       22%         1    None
 Corona                   Hex            #......      22%         1    None
 Force Lance              Conj/Tloc      ####....     24%         4    ###....
 Fulminant Prism          Conj/Hex       ####......   24%         4    ###....
 Animate Dead             Necr           N/A          28%         4    ###....
 Slow                     Hex            #.......     34%         2    None
 Sticks to Snakes         Tmut           #.......     34%         2    None
 Ice Form                 Ice/Tmut       ###.....     38%         4    ###....
 Confuse                  Hex            #.......     56%         3    #......
 Gell's Gravitas          Tloc           #.........   56%         3    #......
 Inner Flame              Hex/Fire       #.......     56%         3    #......
 Portal Projectile        Hex/Tloc       #.....       56%         3    #......
 Cause Fear               Hex            #.........   92%         4    ###....
 Leda's Liquefaction      Hex/Erth       #.........   92%         4    ###....
 Petrify                  Tmut/Erth      #.......     92%         4    ###....
 Iskenderun's Battlesphe  Conj/Chrm      #####...     32%         5    #####..
 Bolt of Cold             Conj/Ice       #####.....   54%         6    ######.
 Freezing Cloud           Conj/Ice/Air   #####.....   67%         6    ######.
 Metabolic Englaciation   Hex/Ice        ###.......   75%         5    #####..
 Ozocubu's Refrigeration  Ice            #####.....   75%         6    ######.
 Bolt of Magma            Conj/Fire/Erth ###.......   80%         5    #####..
 Orb of Destruction       Conj           ######....   91%         7    #######
 Simulacrum               Ice/Necr       ####......   92%         6    ######.
 Iron Shot                Conj/Erth      ####......   98%         6    ######.
 Blade Hands              Tmut           #.........   99%         5    #####..
 Yara's Violent Unravell  Hex/Tmut       #.........   99%         5    #####..
 Statue Form              Tmut/Erth      #........    100%        6    ######.
 Spellforged Servitor     Conj/Summ      #####.....   100%        7    #######
 Shatter                  Erth           #.........   100%        9    #######


Dungeon Overview and Level Annotations

Branches:
Dungeon (15/15)            Temple (0/1) D:5            Lair (6/6) D:8
  Swamp (0/4) Lair:2        Snake (0/4) Lair:3        Slime (0/5) Lair:6
    Orc (2/2) D:11            Elf (1/3) Orc:2        Vaults (0/5) D:13
 Depths (0/5) D:15

Altars:
Ashenzari
Gozag
Kikubaaqudgha
Qazlal
Ru
Sif Muna
Trog
Uskayaw
Wu Jian
Xom
Zin
The Shining One
Jiyva

Shops:
D:11 *   D:14 *   Orc:2 }}[:

Portals:
Trove: D:15 (give +2 gold dragon scales)

Annotations:
D:15 Azrael, Nergalle
Lair:1 Gastronok
Lair:6 1 runed translucent door


Message History

The thrashing horror barely misses you.
You riposte.
You slash the thrashing horror!
The thrashing horror is moderately damaged.
The thrashing horror tramples you but does no damage.
Okay, then.
The orc priest shouts!
You block the thrashing horror's attack.
The thrashing horror tramples you.
* * * LOW HITPOINT WARNING * * *
You stumble backwards!
The thrashing horror tramples you but does no damage.
The thrashing horror tramples you.
* * * LOW HITPOINT WARNING * * *
You stumble backwards!
Found a wand of flame (22).
The thrashing horror roars!
You block the thrashing horror's attack. x2
All of the chunks of flesh in your inventory have rotted away.
The thrashing horror tramples you!
You die...

......#.........
##.....#..#.#.....
..........#..#. .#
#..............
##................
..#........#.....o
....#.............
................$.
.......@X.....5..T
..#......##...# ..
........##....#...
#../....##....##§
.#.......#....h#..
##...........#...
#...#.# ... ....
#.§§...#....#...
.............


You could see a thrashing horror and a white imp.

Vanquished Creatures
  An orc warlord (Orc:1)
  An entropy weaver (D:13)
  A minotaur (Gauntlet)
  3 ogre magi (Orc:2)
  A death knight (D:15)
  A hydra (D:11)
  2 centaur warriors
  2 dancing weapons
  16 two-headed ogres
  A queen ant (D:13)
  6 death yaks
  5 tengu warriors
  A deep elf knight (Elf:1)
  A skeletal warrior (D:12)
  An unseen horror (D:13)
  A wizard (Gauntlet)
  An orc knight (Orc:2)
  2 lindwurms (Lair:6)
  9 deep elf magi
  A cyclops (D:15)
  3 ugly things
  A wolf spider (Lair:6)
  A guardian serpent (shapeshifter) (D:11)
  A salamander (D:15)
  2 elephants
  5 torpor snails
  2 black mambas (Lair:6)
  4 gargoyles
  6 spiny frogs
  A rime drake (Lair:3)
  2 centaur skeletons (D:15)
  2 efreet
  4 kobold demonologists
  A freezing wraith (D:12)
  4 komodo dragons
  3 tengu conjurers
  A queen bee (Gauntlet)
  2 tyrant leeches (Lair:6)
  9 hornets
  2 meliai (D:15)
  2 polar bears
  9 slime creatures
  11 blink frogs
  5 hippogriffs
  8 dream sheep
  2 shadows (D:13)
  22 yaks
  A vampire (D:14)
  A water elemental (D:14)
  3 air elementals (Elf:1)
  2 redbacks (Lair:6)
  6 wyverns
  A redback (shapeshifter) (D:9)
  Grum (D:9)
  A fire elemental (D:15)
  3 wraiths
  Eustachio (D:4)
  2 hungry ghosts
  2 basilisks (Lair:1)
  A vampire mosquito (D:14)
  Edmund (D:6)
  16 soldier ants
  3 wargs (Orc:2)
  A hell hound (D:14)
  Duvessa (D:6)
  5 water moccasins
  3 porcupines (Lair:2)
  7 orc warriors
  2 sky beasts
  4 ice beasts
  24 ogres
  11 wolves
  11 centaurs
  3 phantoms
  6 crocodiles
  2 big kobolds (D:15)
  Blork the orc (D:6)
  13 bullfrogs
  4 scorpions
  Dowan (D:6)
  A jelly (D:9)
  12 killer bees
  11 wights
  4 howler monkeys
  3 electric eels
  11 crimson imps
  A bullfrog zombie (D:5)
  2 quasits (D:9)
  A centaur zombie (D:6)
  6 orc priests
  5 hounds
  A bullfrog skeleton (D:12)
  4 iguanas
  13 orc wizards
  23 worker ants
  A howler monkey skeleton (D:5)
  3 gnolls (D:3)
  12 adders
  6 shadow imps
  3 oozes
  6 worms
  2 dart slugs
  7 leopard geckos
  34 orcs
  A ball python (D:1)
  7 giant cockroaches
  13 goblins
  4 hobgoblins
  18 jackals
  11 kobolds
  4 quokkas
  6 bats
  6 frilled lizards
  A goblin zombie (Ossuary)
  A leopard gecko skeleton (D:6)
  A quokka skeleton (D:5)
  A quokka zombie (Ossuary)
  7 rats
  2 plants
571 creatures vanquished.

Vanquished Creatures (collateral kills)
  An orc warlord (Orc:2)
  A deep elf demonologist (Elf:1)
  A fire dragon (D:15)
  An ogre mage (Orc:2)
  4 hydras
  3 two-headed ogres
  A centaur warrior (D:15)
  A dancing weapon (D:13)
  2 tengu warriors
  3 death yaks
  An orc high priest (Orc:2)
  Urug (Lair:4)
  4 skeletal warriors
  A fire crab (Lair:5)
  An orc knight (Orc:1)
  A wolf spider zombie (D:13)
  A deep elf mage (Elf:1)
  A manticore (D:14)
  A wolf spider (Lair:6)
  9 elephants
  5 black mambas
  A guardian serpent (Lair:6)
  13 spiny frogs
  A gargoyle (D:13)
  A centaur skeleton (D:10)
  A rime drake (Lair:2)
  3 torpor snails
  5 komodo dragons
  An efreet (D:14)
  A meliai (D:15)
  A tyrant leech (Lair:6)
  3 trolls
  4 hippogriffs
  15 blink frogs
  2 hornets (Lair:6)
  5 dream sheep
  3 spriggans (Lair:2)
  A redback (Lair:6)
  A shadow (D:11)
  5 wyverns (Lair:6)
  A basilisk (Lair:3)
  13 yaks
  2 vampire mosquitoes (D:14)
  A hungry ghost (D:8)
  2 wargs (Orc:2)
  6 soldier ants (D:13)
  4 porcupines
  2 orc warriors
  11 water moccasins
  2 ice beasts
  A phantom (D:9)
  10 ogres
  A centaur (D:14)
  An eye of draining (D:10)
  8 wolves
  12 crocodiles
  6 bullfrogs
  2 wights
  2 killer bees (D:12)
  An electric eel (Lair:3)
  A howler monkey (D:13)
  2 crimson imps (D:10)
  A hound (D:14)
  2 jellies
  3 orc priests
  5 orc wizards
  An iguana (Lair:2)
  11 worker ants (D:13)
  A hound zombie (D:6)
  An adder (D:12)
  A howler monkey skeleton (D:10)
  A shadow imp (D:6)
  6 orcs
  3 kobolds (D:15)
  2 bushes
  9 fungi
  8 plants
257 creatures vanquished.

Vanquished Creatures (others)
  2 orc knights
  Nergalle (twice) (D:12 D:15)
  2 orc sorcerers (Orc:1)
  A deep elf mage (Elf:1)
  14 orc warriors
  A polar bear (IceCv)
  9 orc priests
  10 orc wizards
  48 orcs
  2 jackals (D:4)
  15 fungi
  50 plants
  12 starspawn tentacles (Abyss:3)
168 creatures vanquished.

Grand Total: 996 creatures vanquished

Notes
Turn   | Place    | Note
-------+----------+-------------------------------------------
     0 | D:1      | OdinFK the Hill Orc Venom Mage began the quest for the Orb.
     0 | D:1      | Reached XP level 1. HP: 14/14 MP: 3/3
   184 | D:1      | Reached XP level 2. HP: 22/22 MP: 0/4
   188 | D:1      | Learned a level 2 spell: Poisonous Vapours
   326 | D:1      | Reached skill level 1 in Fighting
   697 | D:1      | Reached XP level 3. HP: 28/28 MP: 0/5
   822 | D:1      | Reached skill level 3 in Poison Magic
  1450 | D:2      | Reached skill level 1 in Air Magic
  1450 | D:2      | Reached XP level 4. HP: 36/36 MP: 2/7
  1705 | D:2      | Found a sacrificial altar of Ru.
  1814 | D:2      | Learned a level 3 spell: Mephitic Cloud
  2075 | D:3      | Reached XP level 5. HP: 41/41 MP: 8/8
  3179 | D:4      | Became a worshipper of Beogh the Brigand
  3189 | D:4      | Reached skill level 4 in Poison Magic
  3189 | D:4      | Reached XP level 6. HP: 43/48 MP: 4/10
  3203 | D:4      | Found a sand-covered staircase.
  3347 | Ossuary  | Entered an ossuary
  3651 | D:4      | Reached XP level 7. HP: 51/56 MP: 8/11
  3948 | D:4      | Noticed Eustachio
  4168 | D:4      | Killed Eustachio
  4429 | D:5      | Entered Level 5 of the Dungeon
  4549 | D:5      | Reached XP level 8. HP: 63/63 MP: 5/13
  4661 | D:5      | Reached * piety under Beogh
  4872 | D:5      | Found a staircase to the Ecumenical Temple.
  5018 | D:5      | Reached skill level 5 in Poison Magic
  5060 | D:5      | Reached skill level 1 in Short Blades
  5257 | D:6      | Reached skill level 1 in Evocations
  5263 | D:6      | Noticed Blork the orc
  5271 | D:6      | Killed Blork the orc
  5477 | D:6      | Noticed Edmund
  5527 | D:6      | Killed Edmund
  5578 | D:6      | Learned a level 4 spell: Olgreb's Toxic Radiance
  5606 | D:6      | Learned a level 1 spell: Animate Skeleton
  5709 | D:6      | Noticed Duvessa
  6209 | D:7      | Reached XP level 9. HP: 71/71 MP: 9/15
  6321 | D:7      | Reached skill level 1 in Necromancy
  6321 | D:7      | Reached skill level 6 in Poison Magic
  6880 | D:7      | Reached ** piety under Beogh
  6905 | D:7      | Noticed a two-headed ogre
  6954 | D:7      | Killed a two-headed ogre
  6954 | D:7      | Reached skill level 5 in Conjurations
  7033 | D:7      | Found a shimmering altar of Xom.
  7326 | D:7      | Found an ancient bone altar of Kikubaaqudgha.
  7560 | D:7      | Reached skill level 7 in Poison Magic
  8207 | D:6      | Noticed Dowan
  8229 | D:6      | Killed Dowan
  8243 | D:6      | Killed Duvessa
  8773 | D:8      | Found a glowing golden altar of the Shining One.
  8899 | D:8      | Reached skill level 5 in Spellcasting
  9111 | D:8      | Reached XP level 10. HP: 72/78 MP: 13/17
  9583 | D:8      | Found a staircase to the Lair.
  9586 | D:8      | Noticed a death yak
  9703 | D:8      | Noticed a death yak
  9712 | D:8      | Noticed a death yak
  9806 | D:8      | Killed a death yak
  9806 | D:8      | Reached skill level 5 in Air Magic
  9997 | D:8      | Reached skill level 8 in Poison Magic
 10233 | D:8      | Reached *** piety under Beogh
 10316 | D:8      | Killed a death yak
 10625 | D:9      | Found an opulent altar of Gozag.
 11025 | D:9      | Noticed Grum
 11032 | D:9      | HP: 3/78 [wolf[Grum] (10)]
 11054 | D:9      | Killed Grum
 11266 | D:9      | Found a shattered altar of Ashenzari.
 11272 | D:9      | Found a stormy altar of Qazlal.
 11273 | D:9      | Found a deep blue altar of Sif Muna.
 11274 | D:9      | Found an ornate altar of the Wu Jian Council.
 11274 | D:9      | Found a bloodstained altar of Trog.
 11275 | D:9      | Found a hide-covered altar of Uskayaw.
 11329 | D:9      | Reached skill level 9 in Poison Magic
 11665 | D:9      | Reached XP level 11. HP: 55/84 MP: 10/19
 11853 | D:9      | Learned a level 5 spell: Venom Bolt
 11956 | D:9      | Noticed a deep elf mage
 12092 | D:8      | Killed a death yak
 12092 | D:8      | Reached skill level 1 in Maces & Flails
 12186 | Lair:1   | Entered Level 1 of the Lair of Beasts
 12195 | Lair:1   | Reached **** piety under Beogh
 12821 | D:9      | Killed a deep elf mage
 12821 | D:9      | Reached skill level 5 in Fighting
 12970 | D:10     | Entered Level 10 of the Dungeon
 14619 | D:11     | Found Xeegairr's Assorted Antiques.
 14791 | D:11     | Bought a fuming emerald potion for 22 gold pieces
 14816 | D:11     | Noticed a white ugly thing
 14816 | D:11     | Noticed an eight-headed hydra
 15050 | D:11     | Reached skill level 10 in Poison Magic
 15198 | D:11     | HP: 4/89 [black mamba (shapeshifter) (9)]
 15208 | D:11     | Reached ***** piety under Beogh
 15224 | D:11     | HP: 4/89 [poisoned by a black mamba]
 15233 | D:11     | HP: 4/89 [poisoned by a black mamba]
 15238 | D:10     | HP: 4/89 [poisoned by a black mamba]
 15244 | D:10     | HP: 3/89 [poisoned by a black mamba]
 15251 | D:10     | HP: 3/89 [poisoned by a black mamba]
 15886 | D:8      | Learned a level 2 spell: Throw Frost
 15909 | Lair:1   | Noticed Gastronok
 15972 | Lair:1   | Reached skill level 1 in Ice Magic
 16270 | D:8      | Reached XP level 12. HP: 92/96 MP: 12/21
 16488 | Lair:1   | Reached skill level 11 in Poison Magic
 16510 | D:8      | HP: 4/96 [poisoned by a spiny frog]
 16515 | D:8      | HP: 3/96 [poisoned by a spiny frog]
 16522 | D:8      | HP: 3/96 [poisoned by a spiny frog]
 16530 | D:8      | HP: 3/96 [poisoned by a spiny frog]
 17121 | Lair:1   | Learned a level 1 spell: Freeze
 17577 | Lair:1   | Learned a level 3 spell: Ozocubu's Armour
 18062 | Lair:2   | Reached skill level 1 in Invocations
 18378 | Lair:2   | Noticed an eight-headed hydra
 18399 | Lair:2   | Killed an eight-headed hydra
 18399 | Lair:2   | Reached skill level 1 in Charms
 18734 | Lair:2   | Gained Argrim as an ally
 18925 | Lair:2   | Found a staircase to the Swamp.
 19021 | Lair:3   | Gained Orkwin as an ally
 19359 | Lair:3   | Found a gate leading to a gauntlet.
 19369 | Gauntlet | Entered a Gauntlet
 19369 | Gauntlet | Found a transporter.
 19369 | Gauntlet | Found a transporter.
 19369 | Gauntlet | Found a transporter.
 19373 | Gauntlet | Found a transporter.
 19373 | Gauntlet | Found a transporter.
 19375 | Gauntlet | Found a large runed translucent door.
 19376 | Gauntlet | Found a large runed translucent door.
 19377 | Gauntlet | Found a large runed translucent door.
 19377 | Gauntlet | Found a large runed translucent door.
 19377 | Gauntlet | Found a runed translucent door.
 19378 | Gauntlet | Found a large runed translucent door.
 19379 | Gauntlet | Found a large runed translucent door.
 19380 | Gauntlet | Found a large runed translucent door.
 19380 | Gauntlet | Found a large runed translucent door.
 19381 | Gauntlet | Found a runed translucent gate.
 19394 | Gauntlet | Found a transporter.
 19395 | Gauntlet | Noticed a ghost crab
 19450 | Gauntlet | Found a transporter.
 19464 | Gauntlet | Found a transporter.
 19475 | Gauntlet | Found a transporter.
 19485 | Gauntlet | Found a transporter.
 19500 | Gauntlet | Found a transporter.
 19502 | Gauntlet | Found a large runed translucent door.
 19503 | Gauntlet | Found a large runed translucent door.
 19504 | Gauntlet | Found a large runed translucent door.
 19504 | Gauntlet | Found a large runed translucent door.
 19505 | Gauntlet | Found a runed translucent gate.
 19506 | Gauntlet | Found a transporter.
 19506 | Gauntlet | Found a runed translucent gate.
 19519 | Gauntlet | Found a runed translucent door.
 19530 | Gauntlet | Found a large runed translucent door.
 19530 | Gauntlet | Found a large runed translucent door.
 19531 | Gauntlet | Found a large runed translucent door.
 19532 | Gauntlet | Found a large runed translucent door.
 19932 | Gauntlet | Reached XP level 13. HP: 100/105 MP: 5/22
 19950 | Gauntlet | Got a pair of scorched gloves
 19956 | Gauntlet | Identified the -3 pair of gloves "Beozapuh" {rPois Str-4
                  | Dex+7} (You found it in a Gauntlet)
 20054 | Gauntlet | Identified the ring of Lucidity {MR+ Str+2 Dex+4}
 20054 | Gauntlet | Noticed a minotaur
 20161 | Gauntlet | Killed a minotaur
 20211 | Gauntlet | Got a transparent morningstar
 20497 | Lair:3   | Found a staircase to the Snake Pit.
 20682 | Lair:3   | Reached skill level 5 in Necromancy
 21202 | Lair:4   | Noticed Urug
 21205 | Lair:4   | Your ally Argrim died
 21216 | Lair:4   | Killed Urug
 21403 | Lair:4   | Found a frozen archway.
 21430 | Lair:4   | Identified the cursed +2 morningstar of Hospitality {elec,
                  | rF+ Dex+4} (You found it in a Gauntlet)
 21465 | IceCv    | Entered an ice cave
 21481 | IceCv    | Reached skill level 12 in Poison Magic
 21671 | Lair:4   | Found a glowing silver altar of Zin.
 21893 | Lair:5   | Reached ****** piety under Beogh
 22229 | Lair:5   | Reached skill level 1 in Long Blades
 22901 | Lair:6   | Entered Level 6 of the Lair of Beasts
 22906 | Lair:6   | Reached skill level 5 in Ice Magic
 23131 | Lair:6   | HP: 5/110 [poisoned by a spiny frog]
 23136 | Lair:6   | HP: 4/111 [poisoned by a spiny frog]
 23141 | Lair:6   | HP: 3/111 [poisoned by a spiny frog]
 23146 | Lair:5   | HP: 4/111 [poisoned by a spiny frog]
 23374 | Lair:6   | Reached XP level 14. HP: 99/118 MP: 1/24
 23546 | Lair:6   | Your ally Orkwin died
 23912 | Lair:6   | Reached skill level 10 in Fighting
 24033 | Lair:6   | Found a staircase to the Slime Pits.
 24034 | Lair:6   | Found a viscous altar of Jiyva.
 24045 | Lair:6   | Reached skill level 13 in Poison Magic
 24051 | Lair:6   | Reached skill level 1 in Shields
 24186 | Lair:6   | Gained Olfik as an ally
 24687 | Lair:6   | Found a runed translucent door.
 24742 | Lair:6   | Your ally Olfik died
 24867 | Lair:6   | Paralysed by a hornet for 3 turns
 26346 | D:11     | Found a staircase to the Orcish Mines.
 27092 | D:12     | Noticed Nergalle
 27371 | D:12     | Your ally died
 28278 | D:12     | HP: 3/121 [two-headed ogre/+0 giant spiked club (23)]
 28712 | D:13     | Reached skill level 10 in Conjurations
 28715 | D:13     | Found a gate to the Vaults.
 29069 | D:13     | Gained Olfik as an ally
 29122 | D:13     | Reached skill level 5 in Shields
 29250 | D:13     | Reached XP level 15. HP: 126/126 MP: 9/25
 29295 | D:13     | Identified the +5 quarterstaff "Naecot" {venom, rElec rC+}
 29314 | D:13     | Your ally Olfik died
 31040 | D:13     | You fall through a shaft for 2 floors!
 31040 | D:15     | Entered Level 15 of the Dungeon
 31398 | D:15     | Found a portal to a secret trove of treasure.
 31578 | D:15     | Noticed Azrael
 31887 | D:14     | Found Jacw's General Store.
 32164 | D:14     | Learned a level 4 spell: Summon Ice Beast
 32390 | D:14     | Reached skill level 1 in Armour
 32998 | D:15     | Reached skill level 1 in Summonings
 33310 | D:15     | Your ally died
 33953 | D:15     | Found a staircase to the Depths.
 34010 | D:15     | HP: 6/126 [dire elephant (27)]
 34196 | Orc:1    | Entered Level 1 of the Orcish Mines
 34282 | Orc:2    | Entered Level 2 of the Orcish Mines
 34282 | Orc:2    | Found a staircase to the Elven Halls.
 34478 | Orc:2    | Reached skill level 14 in Poison Magic
 34482 | Orc:2    | Reached skill level 5 in Invocations
 34657 | Orc:2    | Gained Orgrim as an ally
 34657 | Orc:2    | Reached XP level 16. HP: 88/134 MP: 1/26
 34666 | Orc:2    | Gained Gorm as an ally
 34807 | Orc:2    | Found Eklotenyn's Gadget Boutique.
 34807 | Orc:2    | Found Honoshay's Armour Emporium.
 34808 | Orc:2    | Found Qomi's Gadget Emporium.
 34808 | Orc:2    | Found Dackati's Book Shop.
 34826 | Orc:2    | Bought a book of Ice for 1040 gold pieces
 34827 | Orc:2    | Bought a wand of acid (7) for 264 gold pieces
 34897 | Orc:2    | Your ally Gorm died
 35190 | Orc:1    | Gained Milork as an ally
 35434 | Elf:1    | Entered Level 1 of the Elven Halls
 35438 | Elf:1    | Your ally Orgrim died
 36088 | Elf:1    | Cast into level 3 of the Abyss (a deep elf sorcerer)
 36096 | Abyss:3  | Noticed a tentacled starspawn
 36101 | Abyss:3  | Noticed a tentacled starspawn
 36163 | Abyss:3  | Noticed a tentacled starspawn
 36181 | Abyss:3  | Noticed a tentacled starspawn
 36267 | Abyss:3  | HP: 6/134 [thrashing horror (5)]
 36269 | Abyss:3  | Slain by a thrashing horror

Skill      XL: |  1  2  3  4  5  6  7  8  9 10 11 12 13 14 15 16 |
---------------+-------------------------------------------------+-----
Fighting       | 1 2 3 4 6 7 9 10 | 10.0
Poison Magic   | 3 4 5 7 9 10 11 12 13 14 | 14.0
Spellcasting   | 2 3 4 5 6 7 |  7.1
Air Magic      | 1 2 3 4 5 6 7 |  7.0
Conjurations   | 2 3 4 5 6 8 9 10 11 | 11.0
Dodging        | 2 3 |  3.0
Short Blades   | 1 |  1.0
Evocations     | 1 2 3 |  3.0
Necromancy     | 2 3 4 5 |  5.0
Maces & Flails | 1 |  1.1
Ice Magic      | 1 3 5 6 8 |  8.2
Invocations    | 1 3 5 |  5.6
Charms         | 2 3 |  3.2
Long Blades    | 3 |  3.8
Shields        | 5 7 9 |  9.5
Armour         | 3 4 |  4.0
Summonings     | 3 |  3.0
Stealth        | |  1.5

Action                   |  1- 3 |  4- 6 |  7- 9 | 10-12 | 13-15 | 16-18 || total
-------------------------+-------+-------+-------+-------+-------+-------++-------
Melee: Whip              |    21 |    61 |    89 |   140 |       |       ||   311
       Dagger            |       |    53 |   142 |   160 |     9 |       ||   364
       Scimitar          |       |       |       |       |   531 |   104 ||   635
 Cast: Sting             |    14 |     4 |       |       |       |       ||    18
       Poisonous Vapours |    28 |    39 |   115 |   238 |   530 |    60 ||  1010
       Mephitic Cloud    |       |       |     6 |    20 |    26 |       ||    52
       Animate Skeleton  |       |       |    10 |    67 |    93 |    12 ||   182
       Olgreb's Toxic Ra |       |       |       |    23 |     3 |       ||    26
       Venom Bolt        |       |       |       |     7 |    18 |     1 ||    26
       Throw Frost       |       |       |       |     5 |     6 |       ||    11
       Freeze            |       |       |       |    13 |    53 |       ||    66
       Ozocubu's Armour  |       |       |       |     4 |    21 |     3 ||    28
       Summon Ice Beast  |       |       |       |       |     4 |       ||     4
Invok: Convert to Beogh  |       |     1 |       |       |       |       ||     1
       Recall Orcish Fol |       |       |       |       |    15 |     1 ||    16
       Give Item to Name |       |       |       |       |     1 |     1 ||     2
       Resurrection      |       |       |       |       |     1 |       ||     1
       Stop Recall       |       |       |       |       |     1 |       ||     1
Evoke: Wand              |       |       |     4 |    34 |    29 |       ||    67
       Lightning rod     |       |       |       |       |     6 |       ||     6
       Phial of floods   |       |       |       |       |     2 |       ||     2
       Sack of spiders   |       |       |       |       |     2 |       ||     2
  Use: Scroll            |       |     4 |     1 |     8 |    16 |     3 ||    32
       Potion            |       |     1 |       |     5 |     3 |     1 ||    10
 Stab: Sleeping          |       |     4 |     1 |       |       |       ||     5
       Paralysed         |       |       |     2 |    17 |     1 |       ||    20
       Confused          |       |       |     1 |       |     3 |       ||     4
       Distracted        |       |       |       |     4 |     7 |       ||    11
  Eat: Chunk             |     4 |    10 |    29 |    39 |    42 |     6 ||   130
       Ration            |       |       |       |     3 |     1 |       ||     4
Armor: Robe              |    12 |    33 |   110 |    89 |   117 |       ||   361
       Leather armour    |       |       |       |       |    61 |    81 ||   142
Dodge: Dodged            |    37 |    95 |   246 |   247 |   385 |    80 ||  1090
Block: Shield            |       |       |       |       |   243 |   150 ||   393
       Buckler           |       |       |       |       |    29 |       ||    29
       Rpst.: Scimitar   |       |       |       |       |    91 |    26 ||   117
